3AA
BELVEDERE PARK RAWHIDES @ SALEM MISFITS
07/29/2034
 
TOP OF THE 1ST
Belvedere Park Rawhides batting - Pitching for Salem Misfits : RHP Martín Aguilar
Pitching: RHP Martín Aguilar
Batting: RHB Pat Sizemore 0-0: Swinging Strike
0-1: Swinging Strike
0-2: Foul Ball, location: 2F
0-2: Ball
1-2: Ball
2-2: Fly out, F5 (Line Drive, 56)
Batting: LHB Ken Gill 0-0: Ball
1-0: Foul Ball, location: 2F
1-1: SINGLE (Line Drive, 89S)
Batting: RHB Min-gook Ch'oe 0-0: Called Strike
0-1: Foul Ball, location: 2F
0-2: Ball
1-2: Ball
2-2: Ball
3-2: Foul Ball, location: 2F
3-2: Base on Balls
Ken Gill to second
Batting: RHB Domingo Trujillo 0-0: Called Strike
0-1: Ball
1-1: Fly out, F7 (Flyball, 7LS)
Batting: RHB Pat Lloyd 0-0: Ball
1-0: Called Strike
1-1: Fielders Choice at 2nd, 5-4 (Groundball, 5)
Top of the 1st over - 0 runs, 1 hit, 0 errors, 2 left on base; Belvedere Park 0 - Salem 0
BOTTOM OF THE 1ST
Salem Misfits batting - Pitching for Belvedere Park Rawhides : RHP Hyung-ki Kim
Pitching: RHP Hyung-ki Kim
Batting: SHB Soren Loen 0-0: Called Strike
0-1: Ball
1-1: Foul Ball, location: 2F
1-2: Fly out, F9 (Flyball, 89S)
Batting: LHB Bill Gracián 0-0: Ground out 4-3 (Groundball, 4M)
Batting: RHB Kimi Okubo 0-0: Ball
1-0: Swinging Strike
1-1: Swinging Strike
1-2: Strikes out swinging
Bottom of the 1st over - 0 runs, 0 hits, 0 errors, 0 left on base; Belvedere Park 0 - Salem 0
TOP OF THE 2ND
Belvedere Park Rawhides batting - Pitching for Salem Misfits : RHP Martín Aguilar
Batting: RHB Hang-ki Chung 0-0: Ball
1-0: Ball
2-0: Called Strike
2-1: Foul Ball, location: 2F
2-2: Strikes out looking
Batting: RHB Mike Printup 0-0: SINGLE (Groundball, 56D)
Batting: LHB Connor Petty 0-0: Foul Ball, location: 2F
0-1: Ground out U3 (Groundball, 3)
Mike Printup to second
Batting: RHB Stephen Webb 0-0: Fly out, F3 (Popup, 3SF)
Top of the 2nd over - 0 runs, 1 hit, 0 errors, 1 left on base; Belvedere Park 0 - Salem 0
BOTTOM OF THE 2ND
Salem Misfits batting - Pitching for Belvedere Park Rawhides : RHP Hyung-ki Kim
Batting: RHB Charles Basle 0-0: Ball
1-0: Ball
2-0: Called Strike
2-1: Foul Ball, location: 2F
2-2: Strikes out swinging
Batting: RHB Jean Couturier 0-0: Ball
1-0: Called Strike
1-1: Ball
2-1: Ball
3-1: Base on Balls
Batting: RHB Nelson Rivera 0-0: Called Strike
0-1: Ball
1-1: Swinging Strike
1-2: Strikes out swinging
Batting: RHB Damon Newbold 0-0: Called Strike
0-1: Ball
1-1: Ball
2-1: Foul Ball, location: 2F
2-2: Ground out 1-3 (Groundball, P)
Bottom of the 2nd over - 0 runs, 0 hits, 0 errors, 1 left on base; Belvedere Park 0 - Salem 0
TOP OF THE 3RD
Belvedere Park Rawhides batting - Pitching for Salem Misfits : RHP Martín Aguilar
Batting: RHB Pat Sizemore 0-0: Swinging Strike
0-1: Ball
1-1: Swinging Strike
1-2: Ball
2-2: Ball
3-2: Base on Balls
Batting: LHB Ken Gill 0-0: Ball
1-0: Ground out 3-1 (Groundball, 34S)
Pat Sizemore to second
Batting: RHB Min-gook Ch'oe 0-0: Foul Ball, location: 2F
0-1: Called Strike
0-2: Foul Ball, location: 2F
0-2: Strikes out swinging
Batting: RHB Domingo Trujillo 0-0: Ball
1-0: Fly out, F7 (Flyball, 78M)
Top of the 3rd over - 0 runs, 0 hits, 0 errors, 1 left on base; Belvedere Park 0 - Salem 0
BOTTOM OF THE 3RD
Salem Misfits batting - Pitching for Belvedere Park Rawhides : RHP Hyung-ki Kim
Batting: RHB Austin Case 0-0: Called Strike
0-1: Foul Ball, location: 2F
0-2: Foul Ball, location: 2F
0-2: Ground out U3 (Groundball, 34S)
Batting: RHB Atanza Vongor 0-0: Ball
1-0: SINGLE (Groundball, 4MD)
Batting: SHB Soren Loen 0-0: Foul Ball, location: 2F
0-1: Swinging Strike
0-2: Ball
1-2: Ball
2-2: Ball
3-2: SINGLE (Line Drive, 4D)
Atanza Vongor to second
Atanza Vongor to third
Batting: LHB Bill Gracián 0-0: DOUBLE (Line Drive, 78D)
Atanza Vongor scores
Soren Loen to third
Pinch Runner at 2nd Donatas Montiejunas:
Batting: RHB Kimi Okubo 0-0: Fly out, F8 (Flyball, 8LD)
Runner from 3rd tags up, SCORES, throw made
Batting: RHB Charles Basle 0-0: Called Strike
0-1: Swinging Strike
0-2: Foul Ball, location: 2F
0-2: Strikes out looking
Bottom of the 3rd over - 2 runs, 3 hits, 0 errors, 1 left on base; Belvedere Park 0 - Salem 2
TOP OF THE 4TH
Belvedere Park Rawhides batting - Pitching for Salem Misfits : RHP Martín Aguilar
Batting: RHB Pat Lloyd 0-0: Called Strike
0-1: Ball
1-1: SINGLE (Line Drive, 56D)
Batting: RHB Hang-ki Chung 0-0: Swinging Strike
0-1: Swinging Strike
0-2: Foul Ball, location: 2F
0-2: Fielders Choice at 2nd, 4-6 (Groundball, 34)
Batting: RHB Mike Printup 0-0: Ball
1-0: Called Strike
1-1: SINGLE (Groundball, 56D)
Hang-ki Chung to second
Batting: LHB Connor Petty 0-0: Called Strike
0-1: Foul Ball, location: 2F
0-2: Grounds into double play, 1-6-3 (Groundball, P)
Top of the 4th over - 0 runs, 2 hits, 0 errors, 1 left on base; Belvedere Park 0 - Salem 2
BOTTOM OF THE 4TH
Salem Misfits batting - Pitching for Belvedere Park Rawhides : RHP Hyung-ki Kim
Batting: RHB Jean Couturier 0-0: Foul Ball, location: 2F
0-1: Foul Ball, location: 2F
0-2: Foul Ball, location: 2F
0-2: Ball
1-2: Ball
2-2: DOUBLE (Flyball, 78XD)
Batting: RHB Nelson Rivera 0-0: Fly out, F2 (Popup, 2R)
Batting: RHB Damon Newbold 0-0: Ball
1-0: Ball
2-0: Swinging Strike
2-1: TRIPLE (Flyball, 89XD)
Jean Couturier scores
Pinch Runner at 3rd Lu Tsai:
Batting: RHB Austin Case 0-0: Ball
1-0: 2-RUN HOME RUN (Flyball, 9LD), Distance : 345 ft
Batting: RHB Atanza Vongor 0-0: Swinging Strike
0-1: Swinging Strike
0-2: Foul Ball, location: 2F
0-2: SINGLE (Groundball, 6MD)
Pitching: RHP Hamad Al Fardan
Batting: SHB Soren Loen 0-0: Grounds into double play, 6-4-3 (Groundball, 6)
Bottom of the 4th over - 3 runs, 4 hits, 0 errors, 0 left on base; Belvedere Park 0 - Salem 5
TOP OF THE 5TH
Belvedere Park Rawhides batting - Pitching for Salem Misfits : RHP Martín Aguilar
Now at 3B: Lu Tsai
Batting: RHB Stephen Webb 0-0: Ball
1-0: Called Strike
1-1: Called Strike
1-2: Ball
2-2: Foul Ball, location: 2F
2-2: Strikes out swinging
Batting: RHB Pat Sizemore 0-0: Ball
1-0: Ball
2-0: Called Strike
2-1: Ball
3-1: Base on Balls
Batting: LHB Ken Gill 0-0: Called Strike
0-1: Swinging Strike
0-2: Fly out, F9 (Flyball, 9LM)
Batting: RHB Min-gook Ch'oe 0-0: Called Strike
0-1: SINGLE (Groundball, 56D)
Pat Sizemore to second
Batting: RHB Domingo Trujillo 0-0: Called Strike
0-1: Fly out, F5 (Popup, 56S)
Top of the 5th over - 0 runs, 1 hit, 0 errors, 2 left on base; Belvedere Park 0 - Salem 5
BOTTOM OF THE 5TH
Salem Misfits batting - Pitching for Belvedere Park Rawhides : RHP Hamad Al Fardan
Batting: LHB Donatas Montiejunas 0-0: Called Strike
0-1: Foul Ball, location: 2F
0-2: Strikes out swinging
Batting: RHB Kimi Okubo 0-0: Foul Ball, location: 2F
0-1: Ball
1-1: Ball
2-1: Ball
3-1: SINGLE (Line Drive, 6MD)
Batting: RHB Charles Basle 0-0: Called Strike
0-1: Ball
1-1: Fly out, F8 (Flyball, 89M)
Batting: RHB Jean Couturier 0-0: Ball
1-0: Fly out, F9 (Flyball, 89S)
Bottom of the 5th over - 0 runs, 1 hit, 0 errors, 1 left on base; Belvedere Park 0 - Salem 5
TOP OF THE 6TH
Belvedere Park Rawhides batting - Pitching for Salem Misfits : RHP Martín Aguilar
Batting: RHB Pat Lloyd 0-0: Called Strike
0-1: Swinging Strike
0-2: Ball
1-2: Strikes out swinging
Batting: RHB Hang-ki Chung 0-0: Swinging Strike
0-1: Ground out U3 (Groundball, 34)
Batting: RHB Mike Printup 0-0: Fly out, F8 (Flyball, 8LD)
Top of the 6th over - 0 runs, 0 hits, 0 errors, 0 left on base; Belvedere Park 0 - Salem 5
BOTTOM OF THE 6TH
Salem Misfits batting - Pitching for Belvedere Park Rawhides : RHP Hamad Al Fardan
Batting: RHB Nelson Rivera 0-0: Ball
1-0: Ball
2-0: Ball
3-0: Base on Balls
Batting: RHB Lu Tsai 0-0: Ball
1-0: Reached on error, E6 (Groundball, 6D)
Nelson Rivera to second
Batting: RHB Austin Case 0-0: Called Strike
0-1: Called Strike
0-2: Strikes out swinging
Batting: RHB Atanza Vongor 0-0: Grounds into double play, 6-4-3 (Groundball, 6)
Bottom of the 6th over - 0 runs, 0 hits, 1 error, 1 left on base; Belvedere Park 0 - Salem 5
TOP OF THE 7TH
Belvedere Park Rawhides batting - Pitching for Salem Misfits : RHP Martín Aguilar
Batting: LHB Connor Petty 0-0: Ball
1-0: Ball
2-0: Ball
3-0: Base on Balls
Pitching: RHP Stefan Famintsyn
Batting: RHB Stephen Webb 0-0: Ball
1-0: Called Strike
1-1: Foul Ball, location: 2F
1-2: Strikes out swinging
Batting: RHB Pat Sizemore 0-0: Ball
1-0: SINGLE (Flyball, 8LS)
Connor Petty to second
Runner from 2nd tries for 3rd, SAFE, no throw
Batting: LHB Ken Gill 0-0: Ball
1-0: Swinging Strike
1-1: Ball
Wild Pitch!
Connor Petty scores
Pat Sizemore to second
2-1: Ball
3-1: Ground out 6-3 (Groundball, 6)
Batting: RHB Min-gook Ch'oe 0-0: Ball
1-0: Ball
2-0: Called Strike
2-1: Fly out, F7 (Line Drive, 7)
Top of the 7th over - 1 run, 1 hit, 0 errors, 1 left on base; Belvedere Park 1 - Salem 5
BOTTOM OF THE 7TH
Salem Misfits batting - Pitching for Belvedere Park Rawhides : RHP Hamad Al Fardan
Batting: SHB Soren Loen 0-0: Called Strike
0-1: Ball
1-1: Ball
2-1: Swinging Strike
2-2: SINGLE (Groundball, 56D)
Batting: LHB Donatas Montiejunas 0-0: Ball
1-0: SINGLE (Groundball, 34S) (infield hit)
Soren Loen to second
Batting: RHB Kimi Okubo 0-0: Called Strike
0-1: Ball
1-1: Foul Ball, location: 2F
1-2: Foul Ball, location: 2F
1-2: Ball
2-2: Foul Ball, location: 2F
2-2: Strikes out swinging
Batting: RHB Charles Basle 0-0: Ball
1-0: Foul Ball, location: 2F
1-1: Grounds into double play, 6-4-3 (Groundball, 6)
Bottom of the 7th over - 0 runs, 2 hits, 0 errors, 1 left on base; Belvedere Park 1 - Salem 5
TOP OF THE 8TH
Belvedere Park Rawhides batting - Pitching for Salem Misfits : RHP Stefan Famintsyn
Batting: RHB Domingo Trujillo 0-0: SOLO HOME RUN (Flyball, 7D), Distance : 385 ft
Batting: RHB Pat Lloyd 0-0: Called Strike
0-1: Ball
1-1: Fly out, F4 (Popup, 4M)
Batting: RHB Hang-ki Chung 0-0: Foul Ball, location: 2F
0-1: Ball
1-1: Ball
2-1: Foul Ball, location: 2F
2-2: SINGLE (Line Drive, 78S)
Batting: RHB Mike Printup 0-0: Ball
1-0: Foul Ball, location: 2F
1-1: Ball
2-1: Foul Ball, location: 2F
2-2: SINGLE (Line Drive, 34D)
Hang-ki Chung to second
Pitching: RHP Bogdon Sokolov
Batting: LHB Connor Petty 0-0: Ball
1-0: SINGLE (Line Drive, 78M)
Hang-ki Chung to third
Mike Printup to second
Runner from 3rd tries for Home, SAFE, throw made home
Batting: RHB Stephen Webb 0-0: Ball
1-0: Called Strike
1-1: Swinging Strike
1-2: Foul Ball, location: 2F
1-2: Strikes out swinging
Batting: RHB Pat Sizemore 0-0: Ground out 4-3 (Groundball, 4)
Top of the 8th over - 2 runs, 4 hits, 0 errors, 2 left on base; Belvedere Park 3 - Salem 5
BOTTOM OF THE 8TH
Salem Misfits batting - Pitching for Belvedere Park Rawhides : RHP Hamad Al Fardan
Batting: RHB Jean Couturier 0-0: Foul Ball, location: 2F
0-1: Foul Ball, location: 2F
0-2: Strikes out swinging
Batting: RHB Nelson Rivera 0-0: Ball
1-0: Swinging Strike
1-1: Foul Ball, location: 2F
1-2: Strikes out swinging
Batting: RHB Lu Tsai 0-0: SINGLE (Groundball, 34D)
Batting: RHB Austin Case 0-0: Ball
1-0: Foul Ball, location: 2F
1-1: Ball
2-1: Swinging Strike
2-2: Strikes out looking
Bottom of the 8th over - 0 runs, 1 hit, 0 errors, 1 left on base; Belvedere Park 3 - Salem 5
TOP OF THE 9TH
Belvedere Park Rawhides batting - Pitching for Salem Misfits : RHP Bogdon Sokolov
Pitching: RHP Rauno Seales
Batting: LHB Ken Gill 0-0: Ball
1-0: Ball
2-0: Ball
3-0: Base on Balls
Batting: RHB Min-gook Ch'oe 0-0: Ball
1-0: Called Strike
1-1: Swinging Strike
1-2: Strikes out looking
Pitching: RHP David Aguilar
Batting: RHB Domingo Trujillo 0-0: Ball
1-0: Swinging Strike
1-1: Grounds into double play, 5-4-3 (Groundball, 5L)
Top of the 9th over - 0 runs, 0 hits, 0 errors, 0 left on base; Belvedere Park 3 - Salem 5
Friday, March 29th, 2019 - OOTP Baseball 18.8 Build 76